 Dungeon Crawl Stone Soup version 0.16-a0-715-g16937c4 (webtiles) character file.

83 PolkaDot the Ruffian (level 4, -1/40 HPs)
             Began as a Draconian Monk on Sept 21, 2014.
             Slain by Crazy Yiuf
             ... wielding a +4 quarterstaff of chaos
              (19 damage)
             ... on Level 2 of the Dungeon.
             The game lasted 00:06:10 (2030 turns).

PolkaDot the Ruffian (Draconian Monk)               Turns: 2030, Time: 00:06:10

HP  -1/40        AC  5     Str 14      XL: 4   Next: 22%
MP   0/4         EV 13     Int 16      God:
Gold 120         SH  0     Dex 13      Spells:  1 memorised,  1 level left

rFire  x . .     SeeInvis .       - Unarmed
rCold  + . .     Clarity  .     (armour unavailable)
rNeg   . . .     rCorr    .     (no shield)
rPois  .         rRot     .     (helmet restricted)
rElec  .         Spirit   .     (no cloak)
SustAb .         Warding  .     (no gloves)
rMut   .         Stasis   .     (no boots)
Gourm  .                        (no amulet)
MR     .....                    (no ring)
                                c - ring of ice

@: brilliant, lethally poisoned, very slightly contaminated, hasted, very quick,
not resistant to hostile enchantments, unstealthy
A: unfitting armour, cold-blooded, AC +5
a: no special abilities


You were on level 2 of the Dungeon.
You were not hungry.

You visited 1 branch of the dungeon, and saw 2 of its levels.

You collected 120 gold pieces.

Inventory:

Comestibles
 b - 2 bread rations
 p - 3 rotting chunks of hobgoblin flesh
 r - 2 chunks of goblin flesh
 s - a rotting chunk of adder flesh
Scrolls
 a - 2 scrolls of identify {unknown}
 h - a scroll of immolation {unknown}
 i - a scroll of blinking {unknown}
 j - a scroll of recharging {unknown}
 q - 2 scrolls of remove curse {unknown}
Jewellery
 c - a ring of ice (left hand)
 e - an uncursed ring of protection from magic {unknown}
Potions
 l - a potion of poison {!q}
Books
 m - a book of Hinderance

   Spells                             Type                      Level
   *Confusing Touch                   Hexes                        2
   Confuse                            Hexes                        3
   Petrify                            Transmutation/Earth          4
   Leda's Liquefaction                Hexes/Earth                  4
   Metabolic Englaciation             Hexes/Ice                    5
   Summon Mana Viper                  Hexes/Summoning              5


   Skills:
 + Level 4.1 Fighting
 - Level 3.3 Dodging
 - Level 1.7 Stealth
 * Level 4.8 Unarmed Combat
 + Level 0.1 Hexes


You had one spell level left.
You knew the following spells:

 Your Spells              Type           Power        Failure   Level  Hunger
a - Confusing Touch       Hex            ##....       4%          2    ###....


Dungeon Overview and Level Annotations

Branches:
Dungeon (2/15)

Altars:

Annotations:
D:2 Crazy Yiuf


Innate Abilities, Weirdness & Mutations

Your plain brown scales are hard (AC +5).
Your body does not fit into most forms of armour.
Your cold-blooded metabolism reacts poorly to cold.


Message History

Crazy Yiuf is moderately wounded.
Your hands stop glowing.
You hit Crazy Yiuf.
Crazy Yiuf is heavily wounded.
You feel sick. Crazy Yiuf closely misses you.
You barely miss Crazy Yiuf.
Crazy Yiuf is heavily wounded.
You smell decay.
Yuck! (slot s)
You hit Crazy Yiuf.
Your tail-slap misses Crazy Yiuf.
Crazy Yiuf is severely wounded.
Crazy Yiuf barely misses you.
You hit Crazy Yiuf.
Crazy Yiuf is almost dead.
You feel sick.
You hit Crazy Yiuf but do no damage.
Crazy Yiuf is almost dead.
Crazy Yiuf hits you with a quarterstaff of chaos!
* * * LOW HITPOINT WARNING * * *
You are electrocuted!
You die...

# ## ##. #.. ### #.. #.#
########## #.. ##.# ####
###.#...+..# #.. ##..#
#...##g@#.......# #.. #...#
#.....####......# #.. ##.#.#
#)..### ##..+..# #.. ###..#.#
#### #####.# #.# ......## #.#
####.# ..##..## ##.###....#
..##...## ####...##.####
...#.##.############.##......# #
..........(.......).........#####


You could see Crazy Yiuf.

Vanquished Creatures
  A gnoll (D:1)
  3 adders (D:2)
  A giant gecko (D:2)
  2 oozes
  4 bats
  2 giant cockroaches (D:1)
  4 goblins
  4 hobgoblins
  9 kobolds
  2 giant newts
  7 jackals
  6 rats
45 creatures vanquished.

Notes
Turn   | Place    | Note
--------------------------------------------------------------
     0 | D:1      | PolkaDot, the Draconian Monk, began the quest for the Orb.
     0 | D:1      | Reached XP level 1. HP: 19/19 MP: 1/1
   187 | D:1      | Reached XP level 2. HP: 2/26 MP: 2/2
  1036 | D:1      | Reached XP level 3. HP: 31/31 MP: 3/3
  1602 | D:2      | Learned a level 2 spell: Confusing Touch
  1644 | D:2      | Reached XP level 4. HP: 37/40 MP: 1/4
  1997 | D:2      | Noticed Crazy Yiuf
  2030 | D:2      | Slain by Crazy Yiuf

Action                   |  1- 3 |  4- 6 || total
-------------------------+-------+-------++-------
Melee: Unarmed           |   139 |    44 ||   183
 Cast: Confusing Touch   |     1 |     3 ||     4
  Use: Potion            |     1 |     5 ||     6
 Stab: Sleeping          |     1 |       ||     1
  Eat: Chunk             |     2 |     2 ||     4
